 Dungeon Crawl Stone Soup version 0.18-a0-1343-g48c8f86 (webtiles) character file.

11470 eljoo the Thaumaturge (level 12, -7/92 HPs)
             Began as a Formicid Earth Elementalist on Feb 16, 2016.
             Was a Priest of Ashenzari.
             Mangled by a deep elf knight
             ... wielding a +0 scimitar
              (19 damage)
             ... on level 12 of the Dungeon.
             The game lasted 01:54:42 (15544 turns).

eljoo the Thaumaturge (FoEE)                       Turns: 15544, Time: 01:54:42

Health: -7/92      AC:  5    Str: 14    XL:     12   Next: 8%
Magic:  3/25       EV: 13    Int: 23    God:    Ashenzari [***...]
Gold:   659        SH:  4    Dex: 13    Spells: 7 memorised, 10 levels left

rFire  . . .     SeeInvis +     b - 82 stones
rCold  . . .     Gourm    .     h - +0 robe (curse)
rNeg   . . .     Faith    .     (no shield)
rPois  .         Spirit   .     (helmet unavailable)
rElec  .         Dismiss  .     (no cloak)
rCorr  +         Reflect  +     G - +1 pair of gloves "Ossuc" {rCorr Int+4 Stlth+} (curse)
SustAt .         Harm     .     v - +0 pair of boots (curse)
MR     ++...                    N - +4 amulet of reflection (curse)
Stlth  ++++......               y - ring of protection from magic (curse)
                                u - +2 ring of intelligence (curse)

@: swift, invisible, very quick, very resistant to hostile enchantments,
stealthy
A: permanent stasis, dig shafts and tunnels, four strong arms, antennae 3
a: Dig, Shaft Self, Curse Item, Scrying, Renounce Religion


You were on level 12 of the Dungeon.
You worshipped Ashenzari.
Ashenzari was most pleased with you.
You were not hungry.

You visited 3 branches of the dungeon, and saw 14 of its levels.
You also visited: Sewer.

You collected 659 gold pieces.

Inventory:

Hand Weapons
 a - the +0 short sword of Dishonesty {holy, Str+7}
   (You found it on level 10 of the Dungeon)

   It has been blessed by the Shining One to cause great damage to the undead
   and demons.
   It affects your strength (+7).
 i - a +3 halberd of chopping
Missiles
 b - 82 stones (in hand)
Armour
 h - a cursed +0 robe (worn)
 v - a cursed +0 pair of boots (worn)
 G - the cursed +1 pair of gloves "Ossuc" (worn) {rCorr Int+4 Stlth+}
   (You found it on level 5 of the Dungeon)

   It affects your intelligence (+4).
   It protects you from acid and corrosion.
   It makes you more stealthy.
   It has a curse placed upon it.
 J - a cursed troll hide {Purgy}
Jewellery
 k - an uncursed ring of ice
 u - a cursed +2 ring of intelligence (left hand)
 y - a cursed ring of protection from magic (right hand)
 M - an uncursed amulet of faith
 N - a cursed +4 amulet of reflection (around neck)
 P - an uncursed amulet of regeneration
 R - an uncursed ring of fire
 T - an uncursed ring of stealth
 V - an uncursed ring of sustain attributes
 Z - an uncursed ring of flight
Wands
 s - a wand of flame (41/48)
 F - a wand of paralysis (19/24)
 K - a wand of slowing (6/48)
Scrolls
 g - 6 scrolls of identify
 j - a scroll of enchant weapon {unknown}
 l - 2 scrolls of magic mapping
 p - 4 scrolls of enchant armour
 r - 2 scrolls of remove curse
 w - 4 scrolls of recharging
 x - 4 scrolls of immolation
 B - 2 scrolls of fear
 U - a scroll of summoning {unknown}
Potions
 e - 4 potions of degeneration
 f - 3 potions of might {unknown}
 m - a potion of agility
 t - a potion of berserk rage
 z - a potion of magic
 A - 5 potions of curing
 D - a potion of resistance {unknown}
 E - 4 potions of flight
 H - 3 potions of lignification
 Q - a potion of brilliance
 S - a potion of mutation {unknown}
Books
 c - a book of Geomancy

   Spells                             Type                      Level
   a - Sandblast                      Earth                        1
   b - Passwall                       Transmutation/Earth          2
   c - Stone Arrow                    Conjuration/Earth            3
   d - Petrify                        Transmutation/Earth          4
   e - Lee's Rapid Deconstruction     Earth                        5
 q - a book of Air

   Spells                             Type                      Level
   a - Shock                          Conjuration/Air              1
   b - Swiftness                      Charms/Air                   2
   c - Repel Missiles                 Charms/Air                   2
   d - Static Discharge               Conjuration/Air              3
   e - Lightning Bolt                 Conjuration/Air              5
 L - a book of the Warp

   Spells                             Type                      Level
   a - Recall                         Summoning/Translocation      3
   b - Gell's Gravitas                Hexes/Translocation          3
   c - Force Lance                    Conjuration/Translocation    4
   d - Warp Weapon                    Charms/Translocation         5
   e - Summon Forest                  Summoning/Translocation      5
 O - a book of Callings

   Spells                             Type                      Level
   a - Summon Small Mammal            Summoning                    1
   b - Call Imp                       Summoning                    2
   c - Call Canine Familiar           Summoning                    3
   d - Summon Guardian Golem          Hexes/Summoning              3
   e - Summon Lightning Spire         Summoning/Air                4
   f - Summon Ice Beast               Ice/Summoning                4
 W - a book of Minor Magic

   Spells                             Type                      Level
   a - Magic Dart                     Conjuration                  1
   b - Blink                          Translocation                2
   c - Call Imp                       Summoning                    2
   d - Repel Missiles                 Charms/Air                   2
   e - Slow                           Hexes                        2
   f - Conjure Flame                  Conjuration/Fire             3
   g - Mephitic Cloud                 Conjuration/Poison/Air       3
 X - a book of Unlife

   Spells                             Type                      Level
   a - Recall                         Summoning/Translocation      3
   b - Animate Dead                   Necromancy                   4
   c - Control Undead                 Necromancy                   4
   d - Cigotuvi's Embrace             Necromancy                   5
   e - Death Channel                  Necromancy                   6
   f - Simulacrum                     Ice/Necromancy               6
Comestibles
 d - 7 bread rations
 n - 6 meat rations
 o - 3 chunks of flesh
 C - 4 fruits
 I - 2 slices of pizza


   Skills:
 + Level 8.0 Fighting
 * Level 6.1 Short Blades
   Level 2.0 Maces & Flails
 - Level 5.0 Polearms
 - Level 1.7(3.1) Dodging
 - Level 4.5(6.3) Stealth
 - Level 9.6 Spellcasting
 + Level 4.1(6.8) Summonings
 - Level 6.5(9.5) Transmutations
 + Level 3.2(5.8) Air Magic
 - Level 9.0(11.8) Earth Magic


You had 10 spell levels left.
You knew the following spells:

 Your Spells              Type           Power        Failure   Level  Hunger
a - Sandblast             Erth           ######       1%          1    None
b - Petrify               Trmt/Erth      ######..     1%          4    ##.....
c - Lee's Rapid Deconstr  Erth           ######....   1%          5    ####...
d - Call Imp              Summ           #####...     1%          2    None
e - Swiftness             Chrm/Air       ####....     2%          2    None
f - Conjure Flame         Conj/Fire      ##......     17%         3    None
g - Gell's Gravitas       Hex/Tloc       ##........   17%         3    None


Dungeon Overview and Level Annotations

Branches:
Dungeon (12/15)            Temple (1/1) D:7            Lair (1/8) D:11
    Orc: D:9-12

Altars:
Ashenzari
Cheibriados
Dithmenos
Elyvilon
Fedhas
Gozag
Kikubaaqudgha
Makhleb
Nemelex Xobeh
Okawaru
Pakellas
Qazlal
Ru
Sif Muna
Trog
Vehumet
Xom
Yredelemnul
Zin
The Shining One

Shops:
D:8 [

Annotations:
D:12 Harold, Joseph


Innate Abilities, Weirdness & Mutations

You are under a permanent stasis effect.
You can dig through walls and to a lower floor.
Your four strong arms can wield two-handed weapons with a shield.
You have a pair of large antennae on your head (SInv).


Message History

Aim: a deep elf knight, wielding a scimitar, wearing a scale mail and wearing a glowing buckler (almost dead, fast, slightly transparent)
The rocky blast misses the deep elf knight.
The deep elf knight casts a spell at you.
The shard of ice hits you!
Casting: Sandblast
Confirm with . or Enter, or press ? or * to list all spells.
You don't have enough magic to cast that spell.
Drink which item? (? for menu, Esc to quit)
Okay, then.
Casting: Sandblast
Confirm with . or Enter, or press ? or * to list all spells.
You feel quick. You block the deep elf knight's attack.
The deep elf knight hits you with a scimitar!
The deep elf knight gestures at you while chanting.
The shard of ice hits you!
* * * LOW HITPOINT WARNING * * *
Drink which item? (? for menu, Esc to quit)
You fade into invisibility!
The deep elf knight hits you with a scimitar!!
You die...

*### ,,,.. * #.#
###########* ##.##
#..........
#####...####.#.....#
*,
#...........@e.....#
,
#.###...####.#.....##
, , #.#
##..............# *
*,* #.#
#..####.####.#.# , ,
#.# #..# #.# #.# # ,
#.# #^.# #.# #.#,*
#.###.####..# #.# #.#
* *, #....[......#
#.#* #.., *
#####.#####.# ...
.#####


You could see a deep elf knight (invisible).

Vanquished Creatures
  2 hill giants
  A manticore (D:11)
  2 komodo dragons
  A merfolk (D:10)
  A troll (D:10)
  3 shadows
  Sigmund (D:2)
  A wyvern (D:8)
  16 yaks
  2 hungry ghosts
  3 hippogriffs
  A soldier ant (D:12)
  A water moccasin (D:9)
  3 orc warriors
  2 black bears
  Purgy (D:3)
  5 ice beasts
  4 sky beasts
  3 phantoms
  A necrophage (D:9)
  2 ogres
  4 centaurs
  A crocodile (D:10)
  4 big kobolds
  Blork the orc (D:5)
  A gnoll sergeant (D:11)
  6 giant frogs
  3 scorpions
  8 killer bees
  5 crimson imps
  2 giant frog zombies
  A quasit (D:9)
  4 hounds
  3 jellies
  2 giant frog skeletons
  9 orc priests
  A centaur skeleton (D:6)
  2 iguanas
  Terence (D:3)
  6 orc wizards
  3 worker ants
  2 hound zombies
  A hound skeleton (D:4)
  Robin (D:2)
  A mummy (D:7)
  A worker ant zombie (D:6)
  14 gnolls
  23 adders
  A river rat (Sewer)
  2 shadow imps
  An ooze (Sewer)
  3 adder skeletons
  4 worms
  4 giant geckos
  33 orcs
  2 ball pythons (Sewer)
  2 bat zombies (D:6)
  6 giant cockroaches
  10 goblins
  11 hobgoblins
  14 jackals
  5 quokkas
  6 bats
  A giant cockroach zombie (D:6)
  A giant newt (D:6)
  A jackal skeleton (D:6)
  25 kobolds
  A quokka skeleton (D:6)
  10 rats
309 creatures vanquished.

Vanquished Creatures (others)
  6 plants (D:11)
6 creatures vanquished.

Grand Total: 315 creatures vanquished

Notes
Turn   | Place    | Note
--------------------------------------------------------------
     0 | D:1      | eljoo the Formicid Earth Elementalist began the quest for the Orb.
     0 | D:1      | Reached XP level 1. HP: 13/13 MP: 3/3
   547 | D:1      | Reached XP level 2. HP: 2/19 MP: 0/5
  1261 | D:2      | Reached XP level 3. HP: 24/24 MP: 5/7
  1387 | D:2      | Noticed Sigmund
  1610 | D:2      | Noticed Robin
  2452 | D:3      | Reached XP level 4. HP: 30/30 MP: 1/8
  2550 | D:3      | Found a faded altar to an unknown god.
  2557 | D:3      | Noticed Terence
  2907 | D:4      | Reached skill level 4 in Stealth
  2910 | D:4      | Found a shattered altar of Ashenzari.
  2920 | D:4      | Became a worshipper of Ashenzari the Shackled
  2931 | D:4      | Reached XP level 5. HP: 25/35 MP: 0/10
  3059 | D:4      | Found a glowing drain.
  3066 | Sewer    | Entered a sewer
  3088 | Sewer    | Noticed a big kobold
  3314 | Sewer    | Noticed a big kobold
  3337 | Sewer    | Killed a big kobold
  3337 | Sewer    | Reached skill level 1 in Fighting
  3337 | Sewer    | Reached skill level 5 in Earth Magic
  3337 | Sewer    | Reached XP level 6. HP: 34/43 MP: 3/12
  3817 | D:4      | Reached XP level 7. HP: 49/49 MP: 11/14
  3837 | D:4      | Reached skill level 5 in Spellcasting
  4527 | D:3      | Found a blossoming altar of Fedhas.
  4528 | D:3      | Found a bloodstained altar of Trog.
  4529 | D:3      | Found a glowing golden altar of the Shining One.
  4533 | D:3      | Found an oddly glowing altar of Pakellas.
  4545 | D:3      | Found a stormy altar of Qazlal.
  4545 | D:3      | Found a shadowy altar of Dithmenos.
  4609 | D:3      | Noticed Purgy
  4626 | D:3      | Killed Purgy
  4626 | D:3      | Reached skill level 6 in Earth Magic
  4741 | D:3      | Killed Terence
  4990 | D:3      | Found a burning altar of Makhleb.
  4991 | D:3      | Found a radiant altar of Vehumet.
  5002 | D:3      | Reached skill level 1 in Maces & Flails
  5428 | D:2      | Learned a level 4 spell: Petrify
  5872 | D:2      | Killed Sigmund
  5872 | D:2      | Reached XP level 8. HP: 57/57 MP: 10/16
  5961 | D:2      | Killed Robin
  6165 | D:5      | Entered Level 5 of the Dungeon
  6184 | D:5      | Noticed Blork the orc
  6190 | D:5      | Killed Blork the orc
  6295 | D:5      | Learned a level 5 spell: Lee's Rapid Deconstruction
  6518 | D:5      | Got the uncursed pair of gloves "Ossuc" {rCorr Int+4 Stlth+}
  6524 | D:5      | Identified the +1 pair of gloves "Ossuc" {rCorr Int+4 Stlth+} (You found it on level 5 of the Dungeon)
  6862 | D:5      | Reached skill level 1 in Polearms
  6862 | D:5      | Reached skill level 7 in Earth Magic
  7112 | D:6      | Reached * piety under Ashenzari
  7205 | D:6      | Reached XP level 9. HP: 65/65 MP: 14/18
  7252 | D:6      | HP: 3/65 [orc warrior/war axe (17)]
  7476 | D:6      | Found a shadowy altar of Dithmenos.
  7771 | D:6      | Learned a level 2 spell: Call Imp
  7993 | D:6      | Found an ancient bone altar of Kikubaaqudgha.
  8021 | D:6      | Learned a level 2 spell: Swiftness
  8420 | D:7      | Found a staircase to the Ecumenical Temple.
  8433 | Temple   | Entered the Ecumenical Temple
  8448 | Temple   | Reached ** piety under Ashenzari
  8828 | D:7      | Reached skill level 5 in Fighting
  8858 | D:7      | Found a snail-covered altar of Cheibriados.
  9099 | D:8      | Found a glowing silver altar of Zin.
  9394 | D:8      | Found Ceoqus's Antique Armour Shop.
  9522 | D:8      | Reached skill level 8 in Spellcasting
  9541 | D:8      | Reached *** piety under Ashenzari
  9573 | D:8      | Reached XP level 10. HP: 42/74 MP: 18/22
 10128 | D:8      | Noticed a hill giant
 10142 | D:8      | Killed a hill giant
 10142 | D:8      | Reached skill level 5 in Transmutations
 10547 | D:9      | Reached skill level 9 in Spellcasting
 10840 | D:9      | Found an iron altar of Okawaru.
 11170 | D:10     | Entered Level 10 of the Dungeon
 11513 | D:10     | Reached skill level 5 in Polearms
 11742 | D:10     | Got the short sword of Dishonesty {holy, Str+7}
 11743 | D:10     | Identified the +0 short sword of Dishonesty {holy, Str+7} (You found it on level 10 of the Dungeon)
 11757 | D:10     | Noticed a komodo dragon
 11765 | D:10     | Killed a komodo dragon
 11765 | D:10     | Reached skill level 1 in Short Blades
 11765 | D:10     | Reached XP level 11. HP: 83/83 MP: 2/24
 12158 | D:10     | Noticed a hill giant
 12164 | D:10     | Killed a hill giant
 12164 | D:10     | Reached skill level 1 in Summonings
 12164 | D:10     | Reached skill level 1 in Air Magic
 12854 | D:11     | Noticed a manticore
 13006 | D:11     | Found a staircase to the Lair.
 13017 | D:11     | Learned a level 3 spell: Conjure Flame
 13715 | Lair:1   | Entered Level 1 of the Lair of Beasts
 14007 | D:11     | Reached skill level 5 in Short Blades
 14138 | D:11     | Killed a manticore
 15076 | D:12     | Reached XP level 12. HP: 75/92 MP: 21/25
 15100 | D:12     | Learned a level 3 spell: Gell's Gravitas
 15166 | D:12     | Noticed Harold
 15266 | D:12     | Noticed a deep elf knight
 15267 | D:12     | Noticed Joseph
 15267 | D:12     | Noticed a deep elf knight
 15269 | D:12     | Noticed a deep elf knight
 15544 | D:12     | Mangled by a deep elf knight

Vault maps used:
D:1:      mrwooster_arrival_statue_3, st_stairs_10
D:2:      uniq_sigmund, uniq_robin
D:3:      grunt_temple_overflow_lords_of_destruction,
          grunt_temple_overflow_open, ecumenical_altar_1, first_bread,
          serial_bayou, serial_bayou_pond_a, serial_bayou_lake_a,
          serial_bayou_pond_b, serial_bayou_lagoon_a, uniq_purgy, uniq_terence
D:4:      lemuel_round_altar, lightli_sewer_entry_pipes, minmay_liquid_box
D:5:      uniq_blork_the_orc
D:6:      lemuel_zombie_altar_kikubaaqudgha, nicolae_dithmenos_the_darkroom
D:7:      slow_altar_1, temple_statues
D:8:      nicolae_overflow_crystal_walls, serial_shops, kennysheep_mini
D:9:      lemuel_crystal_altar
D:10:     hangedman_fish_farm
D:11:     david_lair_shrubbed
D:12:     orc_0_dummy, sword_in_stone
Temple:   temple_island_7
Sewer:    sewer_co_15_rooms

Action                   |  1- 3 |  4- 6 |  7- 9 | 10-12 || total
-------------------------+-------+-------+-------+-------++-------
Melee: Short sword       |    12 |       |       |    30 ||    42
       Mace              |     3 |       |    20 |       ||    23
       Halberd           |       |       |    38 |    25 ||    63
 Cast: Sandblast         |    58 |    95 |   276 |   203 ||   632
       Lee's Rapid Decon |       |       |     6 |    47 ||    53
       Swiftness         |       |       |     2 |     2 ||     4
       Petrify           |       |       |     1 |    27 ||    28
       Conjure Flame     |       |       |       |     1 ||     1
Invok: Curse Item        |       |       |     5 |     2 ||     7
 Abil: Dig               |       |     1 |       |       ||     1
  Use: Potion            |     4 |     1 |     4 |     8 ||    17
       Scroll            |       |       |     8 |     3 ||    11
 Stab: Sleeping          |     1 |       |       |     2 ||     3
       Petrified         |       |       |       |     1 ||     1
  Eat: Chunk             |     4 |     1 |     6 |     7 ||    18
       Bread ration      |     1 |       |     2 |     5 ||     8
       Meat ration       |       |       |     1 |       ||     1
